 Dungeon Crawl Stone Soup version 0.20-a0-1026-gc3ddcbd (webtiles) character file.

3379 kuniqs the Covered (level 9, -9/82 HPs)
             Began as a Deep Dwarf Fighter on Apr 20, 2017.
             Was a Believer of Makhleb.
             Killed from afar by Erolcha (52 damage)
             ... with a crystal spear
             ... on level 9 of the Dungeon.
             The game lasted 00:10:40 (5901 turns).

kuniqs the Covered (Deep Dwarf Fighter)             Turns: 5901, Time: 00:10:41

Health: -9/82      AC: 14    Str: 20    XL:     9   Next: 74%
Magic:  6/6        EV: 12    Int:  9    God:    Makhleb [**....]
Gold:   474        SH: 11    Dex: 15    Spells: 7/8 levels left

rFire    . . .     SeeInvis .   a - +0 war axe
rCold    . . .     Gourm    .   c - +0 shield
rNeg     . . .     Faith    +   b - +0 scale mail
rPois    .         Spirit   .   (no helmet)
rElec    .         Reflect  .   p - +0 cloak
rCorr    .         Harm     .   L - +1 pair of gloves
MR       +....                  (no boots)
Stlth    ..........             j - amulet of faith
Regen    0.0/turn               q - +5 ring of protection
MPRegen  0.1/turn               z - -2 ring of protection (curse)

@: non-regenerating
A: damage resistance, heal wounds, low mp 1, mutation resistance 1, sense
surroundings 2, no regeneration
a: Heal Wounds, Minor Destruction, Renounce Religion


You were on level 9 of the Dungeon.
You worshipped Makhleb.
Makhleb was pleased with you.
You were hungry.

You visited 2 branches of the dungeon, and saw 10 of its levels.

You collected 474 gold pieces.

Inventory:

Hand Weapons
 a - a +0 war axe (weapon)
 J - a +0 whip of freezing
Armour
 b - a +0 scale mail (worn)
 c - a +0 shield (worn)
 p - a +0 cloak (worn)
 L - a +1 pair of gloves (worn)
Jewellery
 j - an amulet of faith (around neck)
 q - a +5 ring of protection (left hand)
 r - an uncursed ring of resist corrosion
 u - an uncursed amulet of the gourmand {unknown}
 z - a cursed -2 ring of protection (right hand)
Wands
 t - a wand of lightning (5/15)
 D - a wand of disintegration (21/24)
 F - a wand of iceblast (7/15)
 I - a wand of polymorph (2/24)
Scrolls
 g - a scroll of recharging
 h - 2 scrolls of teleportation
 k - a scroll of magic mapping
 w - a scroll of blinking
 x - 2 scrolls of enchant weapon
 y - a scroll of enchant armour
 C - a scroll of immolation
 E - 2 scrolls of identify {@r1}
 H - a scroll of fog {unknown}
 K - a scroll of remove curse {unknown}
Potions
 i - 2 potions of magic {unknown}
 l - 2 potions of curing {@q1}
 m - 2 potions of lignification {unknown}
 n - a potion of resistance {unknown}
 o - 2 potions of flight {unknown}
 s - a potion of brilliance {unknown}
 v - a potion of heal wounds
 B - 2 potions of haste {unknown}
 G - a potion of mutation {unknown}
Comestibles
 d - 4 bread rations
 e - 3 meat rations
 f - 6 fruits
 A - 3 royal jellies


   Skills:
 + Level 5.9 Fighting
 + Level 7.0 Axes
 + Level 7.1 Armour
 + Level 6.4 Dodging
 + Level 6.9 Shields
 + Level 3.9 Invocations
 + Level 4.2 Evocations


You had 7 spell levels left.
You knew the following spells:

 Your Spells              Type           Power        Failure   Level  Hunger
a - Apportation           Tloc           #.....       96%         1    ##.....


Dungeon Overview and Level Annotations

Branches:
Dungeon (9/15)             Temple (1/1) D:4            Lair (0/6) D:9
    Orc: D:9-12

Altars:
Ashenzari
Cheibriados
Dithmenos
Elyvilon
Fedhas
Gozag
Hepliaklqana
Kikubaaqudgha
Makhleb
Nemelex Xobeh
Okawaru
Qazlal
Ru
Sif Muna
Trog
Uskayaw
Vehumet
Wu Jian
Xom
Yredelemnul
Zin
The Shining One

Annotations:
D:8 Gastronok, Joseph
D:9 Erolcha


Innate Abilities, Weirdness & Mutations

You are resistant to damage.
You can heal yourself by infusing magical energy.
You passively map the area around you.
You do not regenerate.
Your magical capacity is low. (-10% MP)
You are somewhat resistant to further mutation.


Message History

The shadow imp hits the fungus but does no damage.
You block the kobold's attack. You block Erolcha's attack.
The gargoyle hurls a stone arrow at you.
The stone arrow misses you.
You feel much better.
The shadow imp hits the fungus.
You block the kobold's attack. You block Erolcha's attack.
The gargoyle hits you with a morningstar!
* * * LOW HITPOINT WARNING * * *
You feel much better.
The shadow imp hits the fungus.
You block the kobold's attack.
Erolcha hits you with a giant spiked club!!
* * * LOW HITPOINT WARNING * * *
You feel much better. The gargoyle misses you.
The shadow imp hits the fungus.
Erolcha closely misses you. The kobold barely misses you.
You closely miss Erolcha. You barely miss the kobold. You slash the plant!
You hit the gargoyle but do no damage. Erolcha casts a spell at you.
The crystal spear hits you!
Ouch! That really hurt!
You die...

*, , , , #######.#### ,,
, ,
.....#######..........##
, * ....
...≈...#......##..# *
.... #...#....#####.... ,
...##..P##...# #.... ,.
,#.....PP..#.# #.... ,*
.O,#≈.5P>...≈#.# ###'# ,,
...#..O9..P..#.#######..
,*,
*##...##@P(##....#.......
, *
......#)K.#[............
, ,, , ,
#.).≈...#...#.......
....K#######...##.......
, ...K, ,* #.#.######.#<
, ... #.#.# #.#. .. , ,
#.#.# #.#. , . , #.#.#
#.#. , , #.#.######.#.


You could see Erolcha, a gargoyle, a shadow imp and a kobold.

Vanquished Creatures
  Pikel (D:4)
  Grinder (D:3)
  2 water moccasins
  4 slaves
  A sky beast (D:7)
  3 ice beasts
  A black bear (D:6)
  3 centaurs (D:7)
  2 ogres (D:6)
  A crocodile (D:8)
  The ghost of IKeelU3 the Magician, an amateur GnWz (D:4)
  A big kobold (D:9)
  6 bullfrogs
  A scorpion (D:7)
  3 howler monkeys (D:7)
  2 crimson imps
  2 hounds
  A quasit (D:7)
  A bullfrog skeleton (D:8)
  A centaur skeleton (D:8)
  A jelly (D:7)
  4 orc wizards
  6 orc priests
  5 iguanas
  Ijyb (D:4)
  2 worker ants
  6 adders
  A shadow imp (D:7)
  An ooze (D:1)
  A worm (D:5)
  3 dart slugs
  4 leopard geckos
  28 orcs
  4 giant cockroaches
  3 hobgoblins
  7 jackals
  4 quokkas
  8 bats
  6 frilled lizards
  7 goblins
  7 kobolds
  7 rats
  2 fungi (D:9)
156 creatures vanquished.

Vanquished Creatures (others)
  A ball python (D:4)
  A plant (D:9)
2 creatures vanquished.

Grand Total: 158 creatures vanquished

Notes
Turn   | Place    | Note
-------+----------+-------------------------------------------
     0 | D:1      | kuniqs the Deep Dwarf Fighter began the quest for the Orb.
     0 | D:1      | Reached XP level 1. HP: 20/20 MP: 1/1
   164 | D:1      | Reached XP level 2. HP: 21/27 MP: 2/2
   168 | D:1      | Reached skill level 1 in Dodging
   797 | D:2      | Reached XP level 3. HP: 20/34 MP: 3/3
  1257 | D:3      | Noticed an ice beast
  1266 | D:3      | Killed an ice beast
  1266 | D:3      | Reached XP level 4. HP: 42/42 MP: 4/4
  1266 | D:3      | Reached XP level 5. HP: 49/49 MP: 5/5
  1399 | D:3      | Noticed Grinder
  1402 | D:3      | Paralysed by Grinder for 4 turns
  1413 | D:3      | Killed Grinder
  1413 | D:3      | Reached XP level 6. HP: 19/57 MP: 6/6
  1721 | D:3      | Found a sacrificial altar of Ru.
  1910 | D:4      | Noticed a slave
  1970 | D:4      | Noticed IKeelU3's ghost (amateur GnWz)
  2054 | D:4      | Found a shadowy altar of Dithmenos.
  2063 | D:5      | Entered Level 5 of the Dungeon
  2142 | D:5      | Noticed a water moccasin
  2163 | D:5      | Killed a water moccasin
  2163 | D:5      | Reached XP level 7. HP: 47/64 MP: 6/6
  2175 | D:4      | Noticed Pikel
  2265 | D:5      | Reached skill level 5 in Armour
  2303 | D:5      | Noticed a moth of wrath
  2332 | D:5      | Found a bloodstained altar of Trog.
  2407 | D:5      | Learned a level 1 spell: Apportation
  2545 | D:5      | Found a glowing golden altar of the Shining One.
  2573 | D:5      | Reached skill level 5 in Shields
  2670 | D:4      | Found a staircase to the Ecumenical Temple.
  2684 | Temple   | Entered the Ecumenical Temple
  3604 | D:6      | Reached skill level 5 in Axes
  3702 | D:6      | Reached XP level 8. HP: 29/73 MP: 5/5
  3711 | D:6      | Found a burning altar of Makhleb.
  3729 | D:6      | Became a worshipper of Makhleb the Destroyer
  4181 | D:7      | Gained mutation: Your magical capacity is low. (-10% MP) [mutagenic meat]
  4182 | D:7      | Gained mutation: You are somewhat resistant to further mutation. [mutagenic meat]
  4217 | D:7      | Reached skill level 5 in Fighting
  4256 | D:7      | Reached skill level 5 in Dodging
  4380 | D:7      | Found a hide-covered altar of Uskayaw.
  4399 | D:7      | Reached * piety under Makhleb
  4402 | D:7      | Reached skill level 1 in Evocations
  4504 | D:7      | Reached skill level 1 in Invocations
  4655 | D:7      | Gained mutation: You passively map the area around you. [Deep Dwarf growth]
  4655 | D:7      | Reached XP level 9. HP: 72/81 MP: 5/5
  4710 | D:7      | Found a stormy altar of Qazlal.
  4914 | D:8      | Noticed Joseph
  4914 | D:8      | Noticed Gastronok
  4992 | D:4      | Killed IKeelU3's ghost
  5127 | D:4      | Found a blossoming altar of Fedhas.
  5140 | D:4      | Killed Pikel
  5160 | D:4      | Found an ancient bone altar of Kikubaaqudgha.
  5194 | D:4      | Noticed Ijyb
  5206 | D:4      | Killed Ijyb
  5508 | D:7      | Reached ** piety under Makhleb
  5851 | D:9      | Found a staircase to the Lair.
  5872 | D:9      | Noticed Erolcha
  5884 | D:9      | Noticed a gargoyle
  5901 | D:9      | Killed from afar by Erolcha

Vault maps used:
D:1:      mrwooster_arrival_statue
D:2:      minivault_19
D:3:      lemuel_crystal_altar, first_bread, roderic_greek_sauvastika,
          uniq_grinder
D:4:      grunt_temple_overflow_growth_and_decay,
          grunt_dithmenos_smoke_and_mirrors, minmay_temple_entry_overgrown,
          uniq_pikel, uniq_ijyb
D:5:      old_standard_altar, tgw_trog
D:6:      overflow_temple_1_default
D:7:      marbit_many_paths, kennysheep_little_box
D:8:      uniq_joseph, uniq_gastronok
D:9:      dpeg_oklobed_lair, uniq_erolcha
Temple:   nicolae_temple_great_sept

Skill      XL: |  1  2  3  4  5  6  7  8  9 |
---------------+----------------------------+-----
Dodging        | 1 2 3 4 5 6 |  6.4
Fighting       | 3 4 5 |  5.9
Axes           | 3 4 5 6 7 |  7.0
Armour         | 4 5 6 7 |  7.1
Shields        | 4 5 6 |  6.9
Evocations     | 2 4 |  4.2
Invocations    | 1 3 |  3.9

Action                   |  1- 3 |  4- 6 |  7- 9 || total
-------------------------+-------+-------+-------++-------
Melee: War axe           |    90 |   140 |   511 ||   741
 Abil: Heal Wounds       |     1 |     4 |    13 ||    18
  Use: Potion            |       |     1 |     1 ||     2
       Scroll            |       |       |     8 ||     8
  Eat: Chunk             |     1 |     3 |    15 ||    19
Armor: Scale mail        |    45 |    58 |   191 ||   294
       Skin              |       |       |     2 ||     2
Dodge: Dodged            |    28 |    58 |   232 ||   318
Block: Shield            |    50 |    90 |   302 ||   442
